 Dungeon Crawl Stone Soup version 0.29-a0-289-g2178c42546 (webtiles) character file.

Game seed: 17852148829022027180

1033 sanka the Shield-Bearer (level 8, -7/67 HPs)
             Began as a Gnoll Fighter on Mar 17, 2022.
             Was an Initiate of Ru.
             Mangled by a wyvern zombie (11 damage)
             ... on level 5 of the Dungeon.
             The game lasted 00:06:19 (6113 turns).

sanka the Shield-Bearer (Gnoll Fighter)             Turns: 6113, Time: 00:06:20

Health: -7/67      AC:  9    Str: 17    XL:     8   Next: 24%
Magic:  12/12      EV: 10    Int:  7    God:    Ru [......]
Gold:   218        SH:  6    Dex: 13    Spells: 13/13 levels left

rFire   . . .      SeeInvis .   a - +0 war axe
rCold   . . .      Faith    .   c - +0 buckler
rNeg    . . .      Spirit   .   u - +0 scale mail
rPois   .          Reflect  .   k - +0 helmet
rElec   .          Harm     .   (no cloak)
rCorr   +          Rampage  .   (no gloves)
Will    .....                   (no boots)
Stlth   +.........              (no amulet)
HPRegen 0.21/turn               (no ring)
MPRegen 0.13/turn               h - ring of resist corrosion

@: no status effects
A: fangs 1, disrupted magic 1, strong nose, distributed training
a: Renounce Religion


You were on level 5 of the Dungeon.
You worshipped Ru.
Ru was noncommittal.
You visited 2 branches of the dungeon, and saw 6 of its levels.

You collected 218 gold pieces.


Innate Abilities, Weirdness & Mutations

You have very sharp teeth.
Your casting is slightly disrupted.
Your uncanny sense of smell can sniff out nearby items.
Your experience applies equally to all skills.


   Skills:
 + Level 7.3 Fighting
 + Level 3.1 Short Blades
 + Level 3.1 Long Blades
 + Level 5.5 Axes
 + Level 3.1 Maces & Flails
 + Level 3.1 Polearms
 + Level 3.1 Staves
 + Level 3.1 Slings
 + Level 3.1 Bows
 + Level 3.1 Crossbows
 + Level 3.1 Throwing
 + Level 7.3 Armour
 + Level 3.1 Dodging
 + Level 3.1 Stealth
 + Level 7.3 Shields
 + Level 3.1 Unarmed Combat
 + Level 3.1 Spellcasting
 + Level 2.5 Conjurations
 + Level 2.5 Hexes
 + Level 2.5 Summonings
 + Level 2.5 Necromancy
 + Level 2.5 Translocations
 + Level 2.5 Transmutations
 + Level 2.5 Fire Magic
 + Level 2.5 Ice Magic
 + Level 2.5 Air Magic
 + Level 2.5 Earth Magic
 + Level 2.5 Poison Magic
 + Level 3.4 Invocations
 + Level 3.1 Evocations


You had 13 spell levels left.
You didn't know any spells.
Your spell library contained the following spells:

 Spells                   Type           Power      Damage    Failure   Level
 Beastly Appendage        Tmut           8%         N/A       50%         1
 Wereblood                Tmut           4%         N/A       65%         2
 Spider Form              Tmut/Pois      4%         N/A       86%         3

Inventory:

Hand Weapons
 a - a +0 war axe (weapon)
 b - a +6 hunting sling
 o - a +2 halberd of protection
 r - a +1 flail of draining
 w - a +0 morningstar
Missiles
 i - 7 poisoned darts (quivered)
Armour
 c - a +0 buckler (worn)
 k - a +0 helmet (worn)
 u - a +0 scale mail (worn)
Jewellery
 h - a ring of resist corrosion (right hand)
Scrolls
 f - a scroll of enchant armour {unknown}
 g - 2 scrolls of immolation {unknown}
 j - 2 scrolls of identify {unknown}
 n - a scroll of vulnerability {unknown}
 q - 2 scrolls of teleportation {unknown}
 t - a scroll of fog {unknown}
 v - a scroll of acquirement {unknown}
 x - a scroll of blinking {unknown}
Potions
 d - a potion of might
 e - a potion of resistance {unknown}
 l - a potion of attraction {unknown}
 m - 2 potions of ambrosia {unknown}
 p - a potion of degeneration {unknown}
 s - a potion of invisibility {unknown}

Dungeon Overview and Level Annotations

Branches:
Dungeon (5/15)             Temple (1/1) D:4

Altars:
Ashenzari
Cheibriados
Elyvilon
Fedhas
Gozag
Okawaru
Qazlal
Ru
Sif Muna
Trog
Uskayaw
Vehumet
Wu Jian
Yredelemnul
Zin
The Shining One

▒▒▒▒▒▒▒.▒▒.▒▒▒▒.▒.▒
♣♣.......▒▒.▒ ▒...▒
♣..♣▒▒▒▒▒▒▒.▒ ▒▒▒.▒
♣.♣..♣ ▒.▒ ▒.▒
♣♣♣♣♣.♣♣▒▒▒▒▒.▒▒▒▒▒▒.▒
♣. ♣.................
♣._ ♣.♣♣▒▒▒▒▒.▒▒▒▒▒▒▒▒
♣...♣♣.♣ ∆ ♣Zg♣♣ ♣.♣♣
^.. ♣♣.♣ ▒▒


You could see a wyvern zombie.


Message History

The wyvern zombie is moderately damaged.
The wyvern zombie bites you but does no damage.
The wyvern zombie bites you!
* * * LOW HITPOINT WARNING * * *
You barely miss the wyvern zombie.
The wyvern zombie is moderately damaged.
The wyvern zombie bites you!
* * * LOW HITPOINT WARNING * * *
The wyvern zombie misses you.
You hit the wyvern zombie.
The wyvern zombie is moderately damaged.
You block the wyvern zombie's attack.
Unknown command.
You slash the wyvern zombie!
You bite the wyvern zombie, but do no damage.
The wyvern zombie is heavily damaged.
You block the wyvern zombie's attack. The wyvern zombie bites you!
* * * LOW HITPOINT WARNING * * *
You slash the wyvern zombie!
You bite the wyvern zombie, but do no damage.
The wyvern zombie is severely damaged.
The wyvern zombie bites you!
* * * LOW HITPOINT WARNING * * *
The wyvern zombie closely misses you.
Unknown command.
You completely miss the wyvern zombie.
The wyvern zombie is severely damaged.
The wyvern zombie bites you!
You die...

Action                   |  1- 3 |  4- 6 |  7- 9 || total
-------------------------+-------+-------+-------++-------
Melee: War axe           |   111 |   180 |   144 ||   435
       Bite              |     8 |    16 |    20 ||    44
Invok: Sacrifice Essence |       |       |     1 ||     1
  Use: Potion            |       |       |     1 ||     1
Armor: Scale mail        |    33 |    87 |    85 ||   205
Dodge: Dodged            |    34 |    90 |    74 ||   198
Block: Buckler           |    24 |    47 |    48 ||   119

Levels and vault maps discovered:
D:1:      nzn_arrival_crosshair, layout_loops_cross
D:2:      layout_loops_ring, minmay_rat_hole
D:3:      layout_rooms, zin_treasury, okawaru_gym_becter
D:4:      layout_basic, minmay_temple_entry_statues
D:5:      layout_loops_ring, nicolae_uskayaw_suspiria,
          lemuel_mausoleum_altar_kikubaaqudgha, nicolae_vehumet_altar_sigil,
          nicolae_yredelemnul_corpse_copse, uniq_grinder
Temple:   minmay_temple_curvy_loop

Notes
Turn   | Place    | Note
-------+----------+-------------------------------------------
     0 | D:1      | sanka the Gnoll Fighter began the quest for the Orb.
     0 | D:1      | Reached XP level 1. HP: 23/23 MP: 1/1
   280 | D:1      | Reached XP level 2. HP: 18/29 MP: 2/2
   811 | D:1      | Reached XP level 3. HP: 35/35 MP: 3/3
  1149 | D:2      | Reached skill level 1 in Invocations
  1328 | D:2      | Reached skill level 1 in Short Blades
  1328 | D:2      | Reached skill level 1 in Long Blades
  1328 | D:2      | Reached skill level 1 in Maces & Flails
  1328 | D:2      | Reached skill level 1 in Polearms
  1328 | D:2      | Reached skill level 1 in Staves
  1328 | D:2      | Reached skill level 1 in Slings
  1328 | D:2      | Reached skill level 1 in Bows
  1328 | D:2      | Reached skill level 1 in Crossbows
  1328 | D:2      | Reached skill level 1 in Throwing
  1328 | D:2      | Reached skill level 1 in Dodging
  1328 | D:2      | Reached skill level 1 in Stealth
  1328 | D:2      | Reached skill level 1 in Unarmed Combat
  1328 | D:2      | Reached skill level 1 in Spellcasting
  1328 | D:2      | Reached skill level 1 in Evocations
  1501 | D:2      | Reached XP level 4. HP: 27/41 MP: 5/5
  1884 | D:2      | Reached skill level 1 in Conjurations
  1884 | D:2      | Reached skill level 1 in Hexes
  1884 | D:2      | Reached skill level 1 in Summonings
  1884 | D:2      | Reached skill level 1 in Necromancy
  1884 | D:2      | Reached skill level 1 in Translocations
  1884 | D:2      | Reached skill level 1 in Transmutations
  1884 | D:2      | Reached skill level 1 in Fire Magic
  1884 | D:2      | Reached skill level 1 in Ice Magic
  1884 | D:2      | Reached skill level 1 in Air Magic
  1884 | D:2      | Reached skill level 1 in Earth Magic
  1884 | D:2      | Reached skill level 1 in Poison Magic
  2478 | D:2      | Reached XP level 5. HP: 38/47 MP: 6/6
  3063 | D:3      | Found an iron altar of Okawaru.
  3070 | D:3      | Noticed a black bear
  3108 | D:3      | Killed a black bear
  3109 | D:3      | Reached skill level 2 in Invocations
  3109 | D:3      | Reached XP level 6. HP: 31/53 MP: 8/8
  3583 | D:3      | Found a glowing silver altar of Zin.
  3737 | D:4      | Found a staircase to the Ecumenical Temple.
  3744 | Temple   | Entered the Ecumenical Temple
  3971 | Temple   | Became a worshipper of Ru the Awakened
  4215 | D:4      | Reached skill level 2 in Short Blades
  4215 | D:4      | Reached skill level 2 in Long Blades
  4215 | D:4      | Reached skill level 5 in Axes
  4215 | D:4      | Reached skill level 2 in Maces & Flails
  4215 | D:4      | Reached skill level 2 in Polearms
  4215 | D:4      | Reached skill level 2 in Staves
  4215 | D:4      | Reached skill level 2 in Slings
  4215 | D:4      | Reached skill level 2 in Bows
  4215 | D:4      | Reached skill level 2 in Crossbows
  4215 | D:4      | Reached skill level 2 in Throwing
  4215 | D:4      | Reached skill level 2 in Dodging
  4215 | D:4      | Reached skill level 2 in Stealth
  4215 | D:4      | Reached skill level 2 in Unarmed Combat
  4215 | D:4      | Reached skill level 2 in Spellcasting
  4215 | D:4      | Reached skill level 2 in Evocations
  4650 | D:4      | Reached XP level 7. HP: 59/59 MP: 10/10
  4954 | D:5      | Entered Level 5 of the Dungeon
  4978 | D:5      | Reached skill level 7 in Fighting
  4978 | D:5      | Reached skill level 7 in Armour
  4978 | D:5      | Reached skill level 7 in Shields
  5027 | D:5      | Found a radiant altar of Vehumet.
  5050 | D:5      | Reached skill level 2 in Conjurations
  5050 | D:5      | Reached skill level 2 in Hexes
  5050 | D:5      | Reached skill level 2 in Summonings
  5050 | D:5      | Reached skill level 2 in Necromancy
  5050 | D:5      | Reached skill level 2 in Translocations
  5050 | D:5      | Reached skill level 2 in Transmutations
  5050 | D:5      | Reached skill level 2 in Fire Magic
  5050 | D:5      | Reached skill level 2 in Ice Magic
  5050 | D:5      | Reached skill level 2 in Air Magic
  5050 | D:5      | Reached skill level 2 in Earth Magic
  5050 | D:5      | Reached skill level 2 in Poison Magic
  5306 | D:5      | Found a hide-covered altar of Uskayaw.
  5672 | D:5      | Gained mutation: Your casting is slightly disrupted. [Ru
                  | sacrifice]
  5752 | D:5      | Reached skill level 3 in Invocations
  5862 | D:5      | Noticed Grinder
  5897 | D:5      | Killed Grinder
  5898 | D:5      | Reached skill level 3 in Short Blades
  5898 | D:5      | Reached skill level 3 in Long Blades
  5898 | D:5      | Reached skill level 3 in Maces & Flails
  5898 | D:5      | Reached skill level 3 in Polearms
  5898 | D:5      | Reached skill level 3 in Staves
  5898 | D:5      | Reached skill level 3 in Slings
  5898 | D:5      | Reached skill level 3 in Bows
  5898 | D:5      | Reached skill level 3 in Crossbows
  5898 | D:5      | Reached skill level 3 in Throwing
  5898 | D:5      | Reached skill level 3 in Dodging
  5898 | D:5      | Reached skill level 3 in Stealth
  5898 | D:5      | Reached skill level 3 in Unarmed Combat
  5898 | D:5      | Reached skill level 3 in Spellcasting
  5898 | D:5      | Reached skill level 3 in Evocations
  5898 | D:5      | Reached XP level 8. HP: 40/67 MP: 12/12
  6090 | D:5      | Found a basalt altar of Yredelemnul.
  6112 | D:5      | HP: 4/67 [wyvern zombie (10)]
  6113 | D:5      | Mangled by a wyvern zombie

Vanquished Creatures
  Grinder (D:5)
  A black bear (D:3)
  An ogre (D:5)
  A centaur (D:4)
  A necrophage (D:5)
  A scorpion (D:5)
  3 hounds
  An orc priest (D:4)
  A scorpion zombie (D:5)
  2 orc wizards (D:5)
  A killer bee zombie (D:5)
  A hound zombie (D:5)
  4 adders
  7 gnolls
  2 white imps
  4 worms
  7 dart slugs
  11 orcs
  5 endoplasms
  5 giant cockroaches (D:4)
  11 goblins
  5 hobgoblins
  4 jackals (D:2)
  5 kobolds
  3 quokkas
  6 ball pythons
  5 bats
  3 frilled lizards
  23 rats
125 creatures vanquished.
